 Dungeon Crawl Stone Soup version 0.29-a0-824-gd827844252 (webtiles) character file.

Game seed: 10073381834545325917

226 Malachi the Shooter (level 6, 0/39 HPs)
             Began as an Octopode Hunter on July 10, 2022.
             Slain by a black bear (2 damage)
             ... on level 4 of the Dungeon.
             The game lasted 00:03:04 (3217 turns).

Malachi the Shooter (Octopode Hunter)               Turns: 3217, Time: 00:03:05

Health: 0/39       AC:  1    Str: 14    XL:     6   Next: 1%
Magic:  5/5        EV: 13    Int: 12    God:
Gold:   204        SH:  0    Dex: 15    Spells: 5/5 levels left

rFire   . . .      SeeInvis .   d - +2 great sword (holy)
rCold   . . .      Faith    .   (shield currently unavailable)
rNeg    . . .      Spirit   .   (helmet restricted)
rPois   .          Reflect  .   (no amulet)
rElec   .          Harm     .   (no ring)
rCorr   .          Rampage  .   (no ring)
Will    .....                   (no ring)
Stlth   +++.......              (no ring)
HPRegen 0.13/turn               (no ring)
MPRegen 0.09/turn               (no ring)
                                (no ring)
                                (no ring)

@: no status effects
A: almost no armour, amphibious, 8 rings, camouflage 1, gelatinous body 1,
(nimble swimmer 1), tentacles, low MP 1, strong 1
a: no special abilities


You were on level 4 of the Dungeon.
You visited 1 branch of the dungeon, and saw 4 of its levels.

You collected 204 gold pieces.

Inventory:

Hand Weapons
 a - a +1 shortbow
 d - a +2 great sword of holy wrath (weapon)
Missiles
 e - 8 poisoned darts
Scrolls
 b - 2 scrolls of immolation
 c - a scroll of fog
 f - a scroll of noise {unknown}
 g - a scroll of enchant armour
 i - 2 scrolls of blinking
 j - 3 scrolls of teleportation
 k - 3 scrolls of fear
 m - a scroll of magic mapping
Potions
 h - 2 potions of brilliance {unknown}
 l - 3 potions of might
 n - a potion of flight


   Skills:
 - Level 2.0 Fighting
 * Level 7.0 Ranged Weapons
 - Level 2.0 Dodging
 - Level 1.3 Stealth


You had 5 spell levels left.
You didn't know any spells.
Your spell library contained the following spells:

 Spells                   Type           Power      Damage    Failure   Level
 Tukima's Dance           Hex            0%         N/A       69%         3
 Passage of Golubria      Tloc           0%         N/A       97%         4
 Yara's Violent Unravell  Hex/Tmut       0%         3d3       100%        5


Dungeon Overview and Level Annotations

Branches:
Dungeon (4/15)
 Temple: D:4-7

Altars:

Shops:
D:4 !

Portals:
Ossuary: D:4


Innate Abilities, Weirdness & Mutations

You cannot wear most types of armour.
You are amphibious.
You can wear up to eight rings at the same time.
Your skin changes colour to match your surroundings (Stealth+).
Your rubbery body absorbs attacks. (AC +1, EV +1)
((You are camouflaged when in or above water. (Stealth+)))
You have tentacles for arms and can constrict up to eight enemies at once.
Your magical capacity is low. (-10% MP)
Your muscles are strong. (Str +4, Int/Dex -1)


Message History

HP restored.
You pick up Great Wizards, Vol.
VII and begin reading...
You add the spells Tukima's Dance, Passage of Golubria and Yara's Violent Unravelling to your library.
A ball python comes into view.
The ball python hisses angrily.
A ball python is nearby!
A ball python is nearby!
A ball python is nearby!
You shoot an arrow.
The arrow barely misses the ball python.
You hear an angry growl.
A ball python is nearby!
You shoot an arrow. The arrow hits the ball python.
You kill the ball python!
A black bear comes into view.
You shoot an arrow. The arrow barely misses the black bear.
You shoot an arrow. The arrow hits the black bear.
The black bear is lightly wounded.
The black bear bites you. The black bear claws you. x2
You shoot an arrow. The arrow hits the black bear!
The black bear is heavily wounded.
The black bear bites you! The black bear claws you.
The black bear completely misses you.
You are too injured to fight recklessly!
You are too injured to fight recklessly!
Your +2 great sword of holy wrath softly glows with a divine radiance!
d - a +2 great sword of holy wrath (weapon)
The black bear bites you!
* * * LOW HITPOINT WARNING * * *
The black bear claws you.
* * * LOW HITPOINT WARNING * * *
The black bear claws you.
* * * LOW HITPOINT WARNING * * *
You barely miss the black bear. You grab the black bear.
You squeeze the black bear!
The black bear is severely wounded.
You constrict the black bear.
The black bear bites you but does no damage.
The black bear completely misses you. The black bear claws you.
You die...

.....##........
####.##...##...
#.#8...8#... ## ##...##
.. #### .. #...# ...###.
##...## #.... #8...8#
###.h### ####...####
#.?.@#8###8##...##8##
.....##.................
..# #.................
..$.............(.....
#######8###8##...##8##
### ####...# ## #8.()8#
##...## #...#


You could see a black bear.

Vanquished Creatures
  A necrophage (D:4)
  A scorpion (D:4)
  4 adders (D:2)
  2 worms
  A dart slug (D:2)
  4 orcs (D:3)
  6 ball pythons
  2 bats
  7 endoplasms
  4 goblins
  4 hobgoblins
  2 quokkas (D:2)
  8 frilled lizards
  5 kobolds
  6 rats
57 creatures vanquished.

Notes
Turn   | Place    | Note
-------+----------+-------------------------------------------
     0 | D:1      | Malachi the Octopode Hunter began the quest for the Orb.
     0 | D:1      | Reached XP level 1. HP: 14/14 MP: 1/1
   111 | D:1      | Found a faded altar of an unknown god.
   115 | D:1      | Reached XP level 2. HP: 19/19 MP: 2/2
   737 | D:2      | Reached skill level 5 in Ranged Weapons
   737 | D:2      | Reached XP level 3. HP: 24/24 MP: 3/3
  1179 | D:2      | Reached XP level 4. HP: 17/29 MP: 4/4
  2788 | D:4      | Found Gegosmu's Distillery.
  2788 | D:4      | Found a sand-covered staircase.
  2842 | D:4      | Reached skill level 6 in Ranged Weapons
  2850 | D:4      | Noticed a necrophage
  2857 | D:4      | Killed a necrophage
  2858 | D:4      | Reached XP level 5. HP: 29/34 MP: 5/5
  2858 | D:4      | Gained mutation: Your spells are a little harder to cast,
                  | but a little more powerful. [potion of mutation]
  2858 | D:4      | Lost mutation: Your spells are a little harder to cast, but
                  | a little more powerful. [potion of mutation]
  2858 | D:4      | Gained mutation: Your magical capacity is low. (-10% MP)
                  | [potion of mutation]
  2858 | D:4      | Gained mutation: Your muscles are strong. (Str +4, Int/Dex
                  | -1) [potion of mutation]
  2920 | D:4      | Reached skill level 7 in Ranged Weapons
  2920 | D:4      | Reached XP level 6. HP: 13/39 MP: 5/5
  3212 | D:4      | Noticed a black bear
  3217 | D:4      | Slain by a black bear

Illustrated notes

Levels and vault maps discovered:
D:1:      eino_arrival_water_cross, layout_basic, ebering_ecumenical_altar_rust,
          nrook_loot_triangle, kennysheep_crisscross
D:2:      layout_basic, supply_closet_lemuel, minmay_randomly_rotated_circles
D:3:      layout_rooms
D:4:      layout_rooms, tso_metal_star, serial_shops, shop, enter_ossuary_1,
          ebering_ghost_sewer_f, serial_corexii_hall, corexii_hall_statues_x,
          corexii_hall_statues_t

Skill      XL: |  1  2  3  4  5 |
---------------+----------------+-----
Ranged Weapons | 5 6 7 |  7.0
Fighting       | |  2.0
Dodging        | |  2.0
Stealth        | |  1.3

Action                   |  1- 3 |  4- 6 || total
-------------------------+-------+-------++-------
Melee: Unarmed           |    12 |     6 ||    18
       Tentacles         |     5 |     1 ||     6
       Constrict         |     2 |     2 ||     4
       Great sword       |       |     3 ||     3
 Fire: Shortbow          |    68 |    67 ||   135
  Use: Potion            |     2 |     2 ||     4
       Scroll            |       |     8 ||     8
Armor: Skin              |     1 |     4 ||     5
Dodge: Dodged            |    25 |    20 ||    45

Table legend: (Time is in decaauts)
 A = Elapsed time spent in this place.
 B = Non-inter-level travel time spent in this place.
 C = Inter-level travel time spent in this place.
 D = Time resting spent in this place.
 E = Time spent auto-exploring this place.
 F = Levels seen in this place.
 G = Mean time per level.
                   A        B        C        D        E       F      G
               +--------+--------+--------+--------+--------+-----+--------+
         Total |   3244 |   3092 |    152 |    576 |   2167 |   4 |  811.0 |
       Dungeon |   3244 |   3092 |    152 |    576 |   2167 |   4 |  811.0 |
               +--------+--------+--------+--------+--------+-----+--------+

Top non-repeatable levels by time:
     D:2: 1556 daAuts
     D:1: 739 daAuts
     D:3: 516 daAuts
     D:4: 431 daAuts
